 Dungeon Crawl Stone Soup version 0.29-a0-218-gf2abdc9806 (webtiles) character file.

Game seed: 15965789477612588560

60762 Ordine the Thaumaturge (level 14, -16/86 HPs)
             Began as a Deep Elf Conjurer on Feb 25, 2022.
             Was a High Priest of Vehumet.
             Demolished by a white ugly thing (35 damage)
             ... on level 6 of the Lair of Beasts.
             The game lasted 01:30:45 (23969 turns).

Ordine the Thaumaturge (Deep Elf Conjurer)         Turns: 23969, Time: 01:30:46

Health: -16/86     AC: 12    Str:  4    XL:     14   Next: 58%
Magic:  7/34       EV: 17    Int: 29    God:    Vehumet [*****.]
Gold:   1430       SH:  0    Dex: 13    Spells: 18/42 levels left

rFire   . . .      SeeInvis .   i - staff of conjuration
rCold   . . .      Faith    .   (no shield)
rNeg    . . .      Spirit   .   G - +1 robe {Will+}
rPois   +          Reflect  .   L - +1 helmet
rElec   +          Harm     .   F - +0 cloak
rCorr   .          Rampage  .   S - +0 pair of gloves
Will    ++...                   O - +0 pair of boots
Stlth   +++++.....              y - amulet of magic regeneration
HPRegen 0.24/turn               q - ring of poison resistance
MPRegen 0.64/turn               E - ring of Twilight {rElec AC+4}

@: no status effects
A: no striking features
a: Renounce Religion


You were on level 6 of the Lair of Beasts.
You worshipped Vehumet.
Vehumet was extremely pleased with you.
You visited 3 branches of the dungeon, and saw 18 of its levels.

You collected 1430 gold pieces.

Inventory:

Armour
 F - a +0 cloak (worn)
 G - a +1 robe of willpower (worn)
 L - a +1 helmet (worn)
 O - a +0 pair of boots (worn)
 S - a +0 pair of gloves (worn)
Magical Staves
 i - a staff of conjuration (weapon)
Jewellery
 a - a ring of willpower
 p - a ring of see invisible
 q - a ring of poison resistance (left hand)
 x - a ring of protection from cold
 y - an amulet of magic regeneration (around neck)
 E - the ring of Twilight (right hand) {rElec AC+4}
   (You found it on level 8 of the Dungeon)

   [ring of protection]

   AC:        It affects your AC (+4).
   rElec:     It insulates you from electricity.
 P - a ring of positive energy
 Q - an amulet of regeneration
Wands
 o - a wand of paralysis (9)
 A - a wand of acid (4)
 D - a wand of flame (70)
 H - a wand of mindburst (8)
 I - a wand of polymorph (4)
 M - a wand of iceblast (14)
Scrolls
 b - 6 scrolls of fear {unknown}
 d - 7 scrolls of noise {unknown}
 f - 2 scrolls of silence {unknown}
 k - 2 scrolls of summoning {unknown}
 l - 5 scrolls of teleportation
 m - 4 scrolls of enchant armour {unknown}
 u - 2 scrolls of vulnerability {unknown}
 v - a scroll of brand weapon {unknown}
 w - 3 scrolls of magic mapping {unknown}
 J - a scroll of blinking {unknown}
 K - 4 scrolls of enchant weapon {unknown}
 N - 5 scrolls of fog {unknown}
 R - 2 scrolls of immolation {unknown}
Potions
 c - 3 potions of haste
 e - 4 potions of lignification
 g - a potion of berserk rage
 h - 4 potions of might
 j - 2 potions of magic
 n - a potion of resistance
 r - 3 potions of invisibility
 s - 3 potions of brilliance
 t - 2 potions of cancellation {unknown}
 z - 4 potions of curing
 B - 2 potions of attraction {unknown}
 C - 2 potions of mutation {unknown}


   Skills:
 + Level 9.4 Fighting
 - Level 11.0 Dodging
 - Level 11.0 Stealth
 + Level 14.7 Spellcasting
 - Level 11.0 Conjurations
 * Level 8.5 Fire Magic
 * Level 8.5 Earth Magic
 - Level 11.0 Evocations


You had 18 spell levels left.
You knew the following spells:

 Your Spells              Type           Power      Damage    Failure   Level
a - Magic Dart            Conj           100%       1d8       1%          1
b - Searing Ray           Conj           100%       2d8       1%          2
c - Iskenderun's Mystic   Conj/Tloc      68%        2d14      1%          4
d - Iskenderun's Battles  Conj           91%        2d14      1%          5
e - Iron Shot             Conj/Erth      43%        9d8       1%          6
f - Starburst             Conj/Fire      43%        6d12      1%          6

Your spell library contained the following spells:

 Spells                   Type           Power      Damage    Failure   Level
 Freeze                   Ice            84%        1d10      1%          1
 Sandblast                Erth           100%       2d20      1%          1
 Conjure Flame            Conj/Fire      87%        6-21      1%          3
 Dazzling Flash           Conj/Hex       100%       N/A       1%          3
 Frozen Ramparts          Ice            42%        1d6       1%          3
 Ignite Poison            Fire/Tmut/Pois 37%        N/A       1%          3
 Fulminant Prism          Conj/Hex       34%        3d16      1%          4
 Hailstorm                Conj/Ice       68%        3d14      1%          4
 Sticky Flame             Conj/Fire      87%        2d10      1%          4
 Irradiate                Conj/Tmut      34%        3d25      1%          5
 Lee's Rapid Deconstruct  Erth           31%        3d17*     1%          5
 Summon Small Mammal      Summ           84%        N/A       2%          1
 Leda's Liquefaction      Hex/Erth       23%        N/A       4%          4
 Petrify                  Tmut/Erth      46%        N/A       4%          4
 Call Canine Familiar     Summ           21%        N/A       7%          3
 Portal Projectile        Hex/Tloc       42%        N/A       7%          3
 Summon Guardian Golem    Hex/Summ       21%        N/A       7%          3
 Conjure Ball Lightning   Conj/Air       34%        3x3d11    11%         6
 Summon Ice Beast         Ice/Summ       21%        N/A       22%         4
 Statue Form              Tmut/Erth      30%        N/A       52%         6
 Blade Hands              Tmut           10%        N/A       54%         5
 Metabolic Englaciation   Hex/Ice        10%        N/A       54%         5
 Summon Mana Viper        Hex/Summ       21%        N/A       54%         5
 Dragon Form              Tmut           10%        N/A       100%        7
 Monstrous Menagerie      Summ           10%        N/A       100%        7


Dungeon Overview and Level Annotations

Branches:
Dungeon (11/15)            Temple (1/1) D:4            Lair (6/6) D:10
  Swamp (0/4) Lair:4       Spider (0/4) Lair:2        Slime (0/5) Lair:6
    Orc: D:9-12

Altars:
Ashenzari
Cheibriados
Dithmenos
Elyvilon
Fedhas
Gozag
Hepliaklqana
Kikubaaqudgha
Makhleb
Nemelex Xobeh
Okawaru
Qazlal
Ru
Sif Muna
Trog
Uskayaw
Vehumet
Wu Jian
Xom
Yredelemnul
Zin
The Shining One

Shops:
D:8 [

Portals:
Trove: D:10 (give 2 scrolls of acquirement)


Message History

The green ugly thing basks in the mutagenic energy from its kin and changes!
Casting: Iron Shot (dangerous; 1% risk of failure)
Confirm with . or Enter, or press ? or * to list all spells.
Aiming: Iron Shot (dangerous; 1% risk of failure)
Press: ? - help, Shift-Dir - straight line, f/p - white ugly thing
Aim: a white ugly thing (almost dead, 76% to hit)
You feel a surge of power!
The iron shot hits the red ugly thing!!
You kill the red ugly thing!
Vehumet accepts your kill.
You feel your power returning.
Casting: Iron Shot (dangerous; 1% risk of failure)
Confirm with . or Enter, or press ? or * to list all spells.
You don't have enough magic to cast this spell.
Unknown command.
You feel a surge of power!
The magic dart hits the white ugly thing.
The white ugly thing is lightly wounded.
Your battlesphere fires!
The barrage of energy hits the white ugly thing!
The white ugly thing is lightly wounded.
The white ugly thing tail-slaps you. The white ugly thing freezes you!!
The white ugly thing basks in the mutagenic energy from its kin and changes!
Casting: Magic Dart (safe; 1% risk of failure)
Confirm with . or Enter, or press ? or * to list all spells.
You feel a surge of power!
You erupt in a blast of force!
The mystic blast hits the white ugly thing!
The white ugly thing is moderately wounded.
The white ugly thing is knocked back by the mystic blast.
The white ugly thing collides with your battlesphere!
Your battlesphere is moderately damaged.
The white ugly thing is moderately wounded.
Your battlesphere fires!
The barrage of energy hits the white ugly thing!
The white ugly thing is heavily wounded.
The white ugly thing tail-slaps you! The white ugly thing freezes you!
* * * LOW HITPOINT WARNING * * *
The white ugly thing tail-slaps you.
* * * LOW HITPOINT WARNING * * *
The white ugly thing freezes you!!
You die...

♣.....♣ ...♣
♣♣... ♣♣..♣♣..♣
♣..♣♣♣♣... ♣=..♣
..♣ ♣÷.♣÷♣♣...
♣).♣♣ ♣.♣♣
♣♣....♣♣... ♣†♣♣
♣♣.. ♣.†♣[.♣♣♣..
♣.♣♣♣♣..♣♣
♣*♣...♣ ♣..
♣..♣♣...
♣....♣♣♣♣..
♣♣.♣♣..♣
♣♣...♣♣♣...
♣♣.♣♣♣@♣♣
♣♣.♣♣♣♣....
♣...♣.u.♣ ♣♣♣*.♣
♣....
♣.....u.♣♣♣..†♣♣
♣.....
♣♣...♣.*♣♣.u..♣
...(..
♣..♣♣♣..♣.♣.♣♣
...... ♣..♣
♣♣..♣♣♣♣ ♣.#...
♣..♣ ♣♣♣♣ ###...
...♣ #.... ♣..♣♣
#....


You could see 2 ugly things and a friendly battlesphere.

Vanquished Creatures
  Snorg (Lair:3)
  2 boulder beetles
  4 hydras
  A catoblepas (Lair:6)
  A two-headed ogre (D:11)
  2 thrashing horrors (Lair:6)
  The ghost of GordonOverkill the Chiller, a novice MfVM of Ashenzari (D:11)
  13 death yaks
  Sonja (Lair:3)
  Nergalle (Lair:3)
  The ghost of Mictavius the Nimble, a novice TeGl of Ashenzari (D:8)
  An orange crystal statue (D:10)
  A swamp dragon (Lair:4)
  2 ugly things (Lair:6)
  16 elephants
  Maggie (D:8)
  17 cane toads
  3 smoke demons (Lair:6)
  3 black mambas
  A rime drake (Lair:6)
  An unseen horror (D:11)
  A demonic crawler (Lair:2)
  17 komodo dragons
  3 ancient zymes (Lair:6)
  A polar bear (Lair:3)
  A wind drake (shapeshifter) (Lair:6)
  7 dream sheep (Lair:6)
  Sigmund (D:6)
  27 blink frogs
  A large abomination (Lair:6)
  2 wraiths
  6 wyverns
  6 basilisks
  A spriggan (Lair:6)
  2 ynoxinuls
  42 yaks
  2 chaos spawn (Lair:6)
  An acid dragon (D:10)
  17 water moccasins
  6 orc warriors
  3 black bears
  An ice beast (D:5)
  3 sky beasts (D:5)
  6 centaurs
  3 ogres
  11 wolves
  5 kobold brigands
  7 bullfrogs
  2 gnoll sergeants (D:7)
  12 scorpions
  11 small abominations (Lair:6)
  11 killer bees
  4 howler monkeys
  An electric eel (Lair:4)
  8 hounds
  5 jellies
  5 orc priests
  3 gnoll shamans (D:7)
  8 iguanas
  11 orc wizards
  15 gnolls
  5 adders
  3 ufetubi
  2 worms
  A dart slug (D:2)
  30 orcs
  12 endoplasms
  6 giant cockroaches
  4 goblins
  13 hobgoblins
  2 jackals (D:2)
  29 kobolds
  2 quokkas (D:3)
  A ball python (D:2)
  6 bats
  6 frilled lizards
  6 rats
  A butterfly (D:8)
482 creatures vanquished.

Vanquished Creatures (others)
  An orc wizard (D:7)
  38 fungi
  91 plants
130 creatures vanquished.

Grand Total: 612 creatures vanquished

Notes
Turn   | Place    | Note
-------+----------+-------------------------------------------
     0 | D:1      | Ordine the Deep Elf Conjurer began the quest for the Orb.
     0 | D:1      | Reached XP level 1. HP: 10/10 MP: 6/6
   178 | D:1      | Found a faded altar of an unknown god.
   201 | D:1      | Reached XP level 2. HP: 16/16 MP: 4/8
   204 | D:1      | Learned a level 2 spell: Searing Ray
  1083 | D:2      | Reached XP level 3. HP: 20/20 MP: 3/9
  1355 | D:2      | Reached skill level 1 in Fighting
  1911 | D:3      | Reached XP level 4. HP: 25/25 MP: 7/11
  2058 | D:3      | Found a sacrificial altar of Ru.
  2345 | D:3      | Reached skill level 4 in Spellcasting
  2483 | D:3      | Noticed a kobold brigand
  2488 | D:3      | Killed a kobold brigand
  2489 | D:3      | Reached skill level 5 in Conjurations
  2489 | D:3      | Reached XP level 5. HP: 29/29 MP: 6/13
  2494 | D:3      | Learned a level 4 spell: Iskenderun's Mystic Blast
  2753 | D:3      | Found a radiant altar of Vehumet.
  2759 | D:3      | Became a worshipper of Vehumet
  2762 | D:3      | Found a basalt altar of Yredelemnul.
  3177 | D:3      | Found an ornate altar of the Wu Jian Council.
  3377 | D:3      | Reached XP level 6. HP: 28/35 MP: 6/14
  4021 | D:4      | Found a staircase to the Ecumenical Temple.
  4231 | Temple   | Entered the Ecumenical Temple
  4578 | D:5      | Entered Level 5 of the Dungeon
  4641 | D:5      | Noticed a sky beast
  4641 | D:5      | Noticed a sky beast
  4642 | D:5      | Noticed an ice beast
  4645 | D:5      | Killed a sky beast
  4646 | D:5      | Reached skill level 5 in Spellcasting
  4649 | D:5      | Killed a sky beast
  4650 | D:5      | Reached skill level 5 in Stealth
  4650 | D:5      | Reached XP level 7. HP: 29/40 MP: 9/16
  4821 | D:5      | Reached skill level 5 in Dodging
  5189 | D:5      | Found an opulent altar of Gozag.
  5348 | D:5      | Found a glowing golden altar of the Shining One.
  5360 | D:5      | Found a shadowy altar of Dithmenos.
  5561 | D:5      | Reached skill level 6 in Spellcasting
  5602 | D:5      | Reached XP level 8. HP: 17/46 MP: 15/19
  5954 | D:6      | Noticed Sigmund
  6613 | D:6      | Killed Sigmund
  6614 | D:6      | Reached skill level 1 in Evocations
  6811 | D:6      | Reached skill level 7 in Spellcasting
  6824 | D:6      | Reached * piety under Vehumet
  6824 | D:6      | Offered knowledge of Foxfire by Vehumet.
  7136 | D:6      | Reached XP level 9. HP: 31/52 MP: 14/21
  7362 | D:6      | Found a burning altar of Makhleb.
  7836 | D:6      | Found a snail-covered altar of Cheibriados.
  7955 | D:7      | Identified the +4 helmet of the Sacrificial Victim {Int-3
                  | Dex+7}
  8256 | D:7      | Identified the +5 flail of Anger {flame, +Blink Str-2
                  | Int+3}
  9025 | D:7      | Reached skill level 8 in Spellcasting
  9047 | D:7      | Reached ** piety under Vehumet
  9052 | D:7      | Offered knowledge of Sandblast by Vehumet.
  9941 | D:8      | Found a large runed translucent door.
  9941 | D:8      | Found a large runed translucent door.
  9976 | D:8      | Found a stormy altar of Qazlal.
 10037 | D:8      | Found a runed translucent door.
 10048 | D:8      | Found a runed translucent door.
 10273 | D:8      | Identified the ring of Twilight {rElec AC+4}
 10292 | D:8      | Found a shimmering blue altar of Sif Muna.
 10298 | D:8      | Reached XP level 10. HP: 58/58 MP: 21/24
 10355 | D:8      | Reached skill level 5 in Fighting
 10474 | D:8      | Offered knowledge of Scorch by Vehumet.
 10539 | D:8      | Found Caqem's Armour Shop.
 10582 | D:8      | Noticed Maggie
 10593 | D:8      | Killed Maggie
 10751 | D:8      | Noticed Mictavius's ghost (novice TeGl)
 10778 | D:8      | Killed Mictavius's ghost
 10779 | D:8      | Reached skill level 9 in Spellcasting
 10779 | D:8      | Reached skill level 5 in Evocations
 11031 | D:9      | Reached *** piety under Vehumet
 11944 | D:10     | Entered Level 10 of the Dungeon
 11944 | D:10     | Noticed an orange crystal statue
 12483 | D:10     | Offered knowledge of Olgreb's Toxic Radiance by Vehumet.
 12491 | D:10     | Reached XP level 11. HP: 25/64 MP: 18/26
 12493 | D:10     | Reached skill level 10 in Spellcasting
 12712 | D:10     | Paralysed by a hornet for 2 turns
 12726 | D:10     | Killed an orange crystal statue
 12922 | D:10     | Reached skill level 10 in Stealth
 13091 | D:10     | Found a staircase to the Lair.
 13233 | D:10     | Found a blossoming altar of Fedhas.
 13400 | D:10     | Found a portal to a secret trove of treasure.
 13775 | D:11     | Noticed a two-headed ogre
 13785 | D:11     | Killed a two-headed ogre
 13807 | D:11     | Noticed GordonOverkill's ghost (novice MfVM)
 13813 | D:11     | Found a runed translucent door.
 13885 | D:11     | Reached **** piety under Vehumet
 14416 | D:11     | Offered knowledge of Iskenderun's Battlesphere by Vehumet.
 14423 | D:11     | Learned a level 5 spell: Iskenderun's Battlesphere
 14761 | D:11     | Noticed a boulder beetle
 14836 | D:11     | Killed GordonOverkill's ghost
 14917 | D:11     | Killed a boulder beetle
 14918 | D:11     | Reached skill level 10 in Dodging
 14918 | D:11     | Reached skill level 11 in Spellcasting
 14949 | D:11     | Got the Papyrus of the Mountains
 15000 | Lair:1   | Entered Level 1 of the Lair of Beasts
 15389 | Lair:1   | Reached skill level 10 in Conjurations
 15572 | Lair:1   | Reached XP level 12. HP: 71/71 MP: 22/29
 16351 | Lair:2   | Found a hole to the Spider Nest.
 17024 | Lair:3   | Noticed Nergalle
 17039 | Lair:3   | HP: 3/65 [spectral orc knight/+2 glaive of
                  | freezing[Nergalle] (7)]
 17048 | Lair:3   | Noticed Sonja
 17053 | Lair:3   | Killed Sonja
 17204 | Lair:3   | Noticed a boulder beetle
 17213 | Lair:3   | Noticed Snorg
 17215 | Lair:3   | Killed a boulder beetle
 17216 | Lair:3   | Reached skill level 12 in Spellcasting
 17225 | Lair:3   | Killed Snorg
 17759 | Lair:3   | Noticed a death yak
 17761 | Lair:3   | Noticed a death yak
 17762 | Lair:3   | Noticed a death yak
 17764 | Lair:3   | Noticed a death yak
 17786 | Lair:3   | Killed a death yak
 17794 | Lair:3   | Killed a death yak
 17795 | Lair:3   | Killed a death yak
 17802 | Lair:3   | Killed a death yak
 18289 | Lair:3   | Noticed a death yak
 18289 | Lair:3   | Noticed a death yak
 18290 | Lair:3   | Noticed a death yak
 18290 | Lair:3   | Noticed a death yak
 18291 | Lair:3   | Noticed a death yak
 18302 | Lair:3   | Killed a death yak
 18302 | Lair:3   | Killed a death yak
 18303 | Lair:3   | Reached skill level 1 in Fire Magic
 18303 | Lair:3   | Reached skill level 1 in Earth Magic
 18303 | Lair:3   | Killed a death yak
 18304 | Lair:3   | Reached skill level 13 in Spellcasting
 18309 | Lair:3   | Killed a death yak
 18310 | Lair:3   | Reached XP level 13. HP: 61/78 MP: 5/32
 18513 | Lair:3   | Killed Nergalle
 19487 | Lair:4   | Learned a level 6 spell: Iron Shot
 19495 | Lair:4   | Found a staircase to the Swamp.
 19608 | Lair:4   | Reached skill level 10 in Evocations
 19747 | Lair:4   | Reached ***** piety under Vehumet
 19834 | Lair:4   | Offered knowledge of Hailstorm by Vehumet.
 20286 | Lair:4   | Got the Volume of Confrontation
 20739 | Lair:5   | Reached skill level 5 in Fire Magic
 20744 | Lair:5   | Reached skill level 5 in Earth Magic
 22368 | Lair:6   | Entered Level 6 of the Lair of Beasts
 22582 | Lair:6   | Reached skill level 14 in Spellcasting
 22786 | Lair:6   | Reached XP level 14. HP: 69/84 MP: 12/34
 22922 | Lair:6   | Found a staircase to the Slime Pits.
 23726 | Lair:6   | Offered knowledge of Starburst by Vehumet.
 23739 | Lair:6   | Learned a level 6 spell: Starburst
 23969 | Lair:6   | Demolished by a white ugly thing

Illustrated notes

Levels and vault maps discovered:
D:1:      dpeg_arrival_short_road, layout_loops_ring, basic_ecumenical_altar
D:2:      layout_basic, minmay_diced_spiral
D:3:      cheibrodos_thug_alley, layout_basic,
          mainiacjoe_overflow_concentric_impassable,
          pdpol_wu_jian_five_deadly_venoms, mainiacjoe_overflow_large_starburst,
          hex_tiny, minmay_tree_intersection, minmay_misc_feat_pillars,
          grunt_ministairs_3, serial_bayou_ford_a, st_stairs_3
D:4:      layout_cave_pools, minmay_temple_entry_overgrown, amethyst_killhole,
          serial_park_tiny_2
D:5:      minmay_general_purpose_star, layout_basic,
          mainiacjoe_overflow_small_starburst, amethyst_overflow_temple_binary
D:6:      layout_gridville, cheibriados_altar_1, makhleb_heckhound_becter,
          lemuel_flame_loot_1, uniq_sigmund
D:7:      kennysheep_housing_project, layout_layer_cave
D:8:      lemuel_insect_pit, layout_basic, lemuel_crystal_altar,
          mainiacjoe_overflow_cross_hatched, serial_shops,
          kennysheep_little_box, ebering_ghost_disaster_area, uniq_maggie
D:9:      layout_basic
D:10:     layout_loops_ring, fedhas_ov_isle_minmay, david_lair_generic,
          nicolae_trove_entry_free_sample, minivault_15, chequers_avenue
D:11:     layout_loops_corners, hellmonk_ghost_big_iron,
          grunt_decor_mini_mirrors
Temple:   jpeg_temple_alley_garden
Lair:1:   layout_concentric_octagons, lemuel_fruit_tree, grunt_megastairs_1
Lair:2:   layout_regular_city, nicolae_spider_entry_non_spiders
Lair:3:   layout_loops_ring, grunt_megastairs_4, infiniplex_staircase_pool,
          uniq_snorg, uniq_nergalle, uniq_sonja
Lair:4:   layout_regular_city, minmay_swamp_entry_reptiles, serial_bayou_shore_a
Lair:5:   layout_cave_pods, infiniplex_staircase_pool_2
Lair:6:   hellmonk_lair_end_abyssal_woods, layout_long_grid,
          nicolae_slime_entry_slimehenge, grunt_forest_large_clearing_hut

Skill      XL: |  1  2  3  4  5  6  7  8  9 10 11 12 13 14 |
---------------+-------------------------------------------+-----
Stealth        | 3 4 5 7 8 9 11 | 11.0
Dodging        | 3 4 5 6 7 9 10 11 | 11.0
Fighting       | 1 2 3 4 5 6 8 9 |  9.4
Spellcasting   | 4 5 6 7 8 9 11 13 14 | 14.7
Conjurations   | 5 6 7 8 9 10 11 | 11.0
Evocations     | 2 4 6 7 9 10 11 | 11.0
Fire Magic     | 1 6 8 |  8.5
Earth Magic    | 1 6 8 |  8.5

Action                   |  1- 3 |  4- 6 |  7- 9 | 10-12 | 13-15 || total
-------------------------+-------+-------+-------+-------+-------++-------
Melee: Staff             |       |     6 |     2 |       |     1 ||     9
 Cast: Magic Dart        |    58 |    90 |   241 |   200 |   215 ||   804
       Searing Ray       |       |     6 |    55 |    92 |       ||   153
       Iskenderun's Myst |       |       |     2 |    48 |    38 ||    88
       Iskenderun's Batt |       |       |       |    33 |    47 ||    80
       Iron Shot         |       |       |       |       |   106 ||   106
Evoke: Wand              |       |       |     9 |       |       ||     9
  Use: Scroll            |       |       |     7 |     4 |     2 ||    13
       Potion            |       |       |     3 |     8 |     1 ||    12
Armor: Robe              |     1 |     1 |    25 |    65 |    14 ||   106
Dodge: Dodged            |       |     5 |    83 |   174 |    52 ||   314

Table legend: (Time is in decaauts)
 A = Elapsed time spent in this place.
 B = Non-inter-level travel time spent in this place.
 C = Inter-level travel time spent in this place.
 D = Time resting spent in this place.
 E = Time spent auto-exploring this place.
 F = Levels seen in this place.
 G = Mean time per level.
                   A        B        C        D        E       F      G
               +--------+--------+--------+--------+--------+-----+--------+
         Total |  24043 |  22523 |   1520 |   1782 |  17592 |  18 | 1335.7 |
       Dungeon |  15398 |  14501 |    897 |   1042 |  11532 |  11 | 1399.8 |
        Temple |    230 |    178 |     52 |      0 |    173 |   1 |  230.0 |
          Lair |   8414 |   7843 |    571 |    740 |   5887 |   6 | 1402.3 |
               +--------+--------+--------+--------+--------+-----+--------+

Top non-repeatable levels by time:
  Lair:5: 2185 daAuts
     D:7: 2014 daAuts
     D:6: 1883 daAuts
     D:5: 1881 daAuts
    D:10: 1734 daAuts
  Lair:3: 1622 daAuts
     D:3: 1609 daAuts
  Lair:6: 1406 daAuts
    D:11: 1352 daAuts
  Lair:1: 1207 daAuts
     D:2: 1136 daAuts
     D:9: 1104 daAuts
     D:8: 1058 daAuts
  Lair:4: 1031 daAuts
  Lair:2: 960 daAuts
